 Dungeon Sprint DCSS version 0.27.1 (webtiles) character file.

Game seed: 5511804652092479959

4999 styxcanada the Imperceptible (level 10, -7/53 HPs)
             Began as a Spriggan Brigand on Sept 3, 2021.
             Was an Initiate of Gozag.
             Mangled by a spriggan rider (21 damage)
             ... in the Dungeon (Sprint IV: "Fedhas' Mad Dash").
             The game lasted 00:08:53 (1507 turns).

styxcanada the Imperceptible (Spriggan Brigand)     Turns: 1507, Time: 00:08:54

Health: -7/53      AC:  3    Str:  7    XL:     10   Next: 29%
Magic:  22/22      EV: 27    Int: 14    God:    Gozag
Gold:   1105       SH:  0    Dex: 25    Spells: 19/24 levels left

rFire    . . .     SeeInvis +   a - +2 dagger
rCold    . . .     Faith    .   (shield restricted)
rNeg     . . .     Spirit   .   b - +0 robe
rPois    .         Reflect  .   (helmet restricted)
rElec    .         Harm     .   c - +0 cloak
rCorr    .         Rampage  .   (gloves unavailable)
Will     +....     NoTele   +   (boots unavailable)
Stlth    +++++++++.             l - amulet of invisibility {+Inv}
HPRegen  0.17/turn              p - +6 ring of dexterity
MPRegen  0.18/turn              (no ring)

@: very slightly contaminated, very quick
A: very small, no large weapons, unfitting armour, see invisible, speed 3
a: Renounce Religion, Evoke Invisibility, Potion Petition, Call Merchant, Bribe
Branch


You were in the Dungeon.
You worshipped Gozag.
Gozag was most pleased with you.
You visited 1 branch You collected 2060 gold pieces.
You spent 955 gold pieces at shops.

Inventory:

Hand Weapons
 a - a +2 dagger (weapon)
Missiles
 d - 38 poisoned darts (quivered)
 e - 2 curare-tipped darts
 m - 26 stones
Armour
 b - a +0 robe (worn)
 c - a +0 cloak (worn)
 n - a +0 buckler
Jewellery
 l - the amulet of invisibility (around neck) {+Inv}
   (You found it in the Dungeon)

   [amulet of nothing]

   +Inv:      It lets you turn invisible.
 p - a +6 ring of dexterity (left hand)
Scrolls
 j - a scroll of fear {unknown}
 k - a scroll of blinking
Potions
 g - a potion of heal wounds
 h - a potion of haste
 i - 2 potions of magic
Miscellaneous
 o - a piece from Xom's chessboard (15/15)


   Skills:
 * Level 6.3 Fighting
 + Level 6.2 Short Blades
 + Level 3.6 Throwing
 * Level 10.0 Dodging
 * Level 22.6 Stealth
 * Level 4.6 Shields
 * Level 7.7 Spellcasting
 * Level 7.5 Hexes
 * Level 11.4 Evocations


You had 19 spell levels left.
You knew the following spells:

 Your Spells              Type           Power      Damage    Failure   Level
a - Slow                  Hex            26%        N/A       1%          2
b - Confusing Touch       Hex            26%        N/A       1%          3

Your spell library contained the following spells:

 Spells                   Type           Power      Damage    Failure   Level
 Pain                     Necr           20%        1d5       13%         1
 Sublimation of Blood     Necr           2%         N/A       21%         2
 Wereblood                Tmut           5%         N/A       21%         2
 Yara's Violent Unravell  Hex/Tmut       8%         3d5       61%         5
 Agony                    Necr           5%         N/A       98%         5
 Excruciating Wounds      Necr           2%         N/A       98%         5
 Summon Hydra             Summ           2%         N/A       100%        7


Dungeon Overview and Level Annotations

Branches:
Dungeon (1/1)

Altars:
Cheibriados
Dithmenos
Elyvilon
Gozag
Hepliaklqana
Kikubaaqudgha
Makhleb
Nemelex Xobeh
Okawaru
Qazlal
Ru
Sif Muna
Trog
Uskayaw
Vehumet
Wu Jian
Xom
Yredelemnul
Zin
The Shining One
Beogh
Jiyva
Lugonu

Shops:
D *:(=[


Innate Abilities, Weirdness & Mutations

You are very small and have problems with some larger weapons.
You are too small for most types of armour.
You have supernaturally acute eyesight. (SInv)
You cover ground extremely quickly. (Speed+++)


Message History

Your Dodging skill increases to level 10!
You feel sick.
* * * LOW HITPOINT WARNING * * *
You feel sick.
You see here a +0 hand axe.
You feel sick.
The spriggan rider hits you from afar with a +0 spear.
* * * LOW HITPOINT WARNING * * *
You feel better. The spriggan rider closely misses you.
There is an open door here.
There is an open door here.
There is an open door here.
Throw: 41 darts (poison)
Press: ? - help, Q - select action, (/) - cycle Shift-Dir - straight line, f - spriggan rider
Aim: a spriggan rider, wielding a +0 spear and wearing a +0 buckler (45% to hit)
You throw a poisoned dart.
The poisoned dart hits the spriggan rider.
The spriggan rider is poisoned.
There is an open door here.
You see here a +3 scale mail of poison resistance.
You flicker for a moment.
Throw: 40 darts (poison)
Press: ? - help, Q - select action, (/) - cycle Shift-Dir - straight line, f/p - spriggan rider
Aim: a spriggan rider, wielding a +0 spear and wearing a +0 buckler (lightly wounded, poisoned, 45% to hit)
You throw a poisoned dart.
The poisoned dart closely misses the spriggan rider.
The spriggan rider completely misses you.
There is an open door here.
You flicker back into view.
There is an open door here.
Throw: 39 darts (poison)
Press: ? - help, Q - select action, (/) - cycle Shift-Dir - straight line, f/p - spriggan rider
Aim: a spriggan rider, wielding a +0 spear and wearing a +0 buckler (lightly wounded, poisoned, 45% to hit)
You throw a poisoned dart.
The poisoned dart hits the spriggan rider.
The spriggan rider looks even sicker.
The spriggan rider is lightly wounded.
The spriggan rider hits you from afar with a +0 spear!!
You die...
Your body crumbles into a pile of gold.

########################
#<..P#.....#.....#.⌠._._
#PP..'.....'.#[..'.._._.
#PPPP#.....#.#...#..._._
###############'##.._._.
#...♣........'...#._._._
#......♣.....#...#######
#.....♣..♣..######♣♣♣♣♣.
##'####@######.['......♣
#..#....'ii....(#♣).♣♣♣(
#.(#.)###.......#.♣♣..♣.
####### ################


You could see a spriggan rider (very poisoned) and a spriggan.

Vanquished Creatures
  A spriggan druid (D)
  6 oklob plants (D)
  A demonic crawler (D)
  3 wandering mushrooms (D)
  A queen bee (D)
  3 burning bushes (D)
  3 scorpions (D)
  4 killer bees (D)
  5 oklob saplings (D)
  3 spriggans (D)
  A river rat (D)
  A rat (D)
  A ballistomycete spore (D)
33 creatures vanquished.

Notes
Turn   | Place    | Note
-------+----------+-------------------------------------------
     0 | D        | styxcanada the Spriggan Brigand began the quest for the
                  | Orb.
     0 | D        | Reached XP level 1. HP: 10/10 MP: 2/2
     9 | D        | Reached skill level 8 in Stealth
     9 | D        | Reached XP level 2. HP: 15/15 MP: 3/3
    17 | D        | Noticed an oklob sapling
    19 | D        | Killed an oklob sapling
    20 | D        | Reached skill level 10 in Stealth
    20 | D        | Reached XP level 3. HP: 18/18 MP: 4/4
    21 | D        | Noticed a scorpion
    21 | D        | Found the amulet of invisibility {+Inv}
    23 | D        | Killed a scorpion
    24 | D        | Reached skill level 12 in Stealth
    24 | D        | Reached XP level 4. HP: 23/23 MP: 5/5
    50 | D        | Found an opulent altar of Gozag.
    50 | D        | Found a hazy altar of Hepliaklqana.
    50 | D        | Found a burning altar of Makhleb.
    50 | D        | Found a sparkling altar of Nemelex Xobeh.
    50 | D        | Found a snail-covered altar of Cheibriados.
    50 | D        | Found a sacrificial altar of Ru.
    50 | D        | Found a shimmering blue altar of Sif Muna.
    50 | D        | Found a shimmering altar of Xom.
    50 | D        | Found a basalt altar of Yredelemnul.
    51 | D        | Found a viscous altar of Jiyva.
    51 | D        | Found a bloodstained altar of Trog.
    51 | D        | Found an ornate altar of the Wu Jian Council.
    52 | D        | Found an iron altar of Okawaru.
    52 | D        | Found a shadowy altar of Dithmenos.
    52 | D        | Found a glowing silver altar of Zin.
    53 | D        | Found an ancient bone altar of Kikubaaqudgha.
    53 | D        | Found a hide-covered altar of Uskayaw.
    54 | D        | Found a stormy altar of Qazlal.
    54 | D        | Found a white marble altar of Elyvilon.
    54 | D        | Found a glowing golden altar of the Shining One.
    55 | D        | Became a worshipper of Gozag Ym Sagoz the Greedy
    56 | D        | Found a corrupted altar of Lugonu.
    56 | D        | Found a radiant altar of Vehumet.
    60 | D        | Reached skill level 13 in Stealth
    60 | D        | Reached skill level 1 in Evocations
    60 | D        | Reached XP level 5. HP: 28/28 MP: 3/6
    72 | D        | Reached skill level 14 in Stealth
    98 | D        | Reached skill level 5 in Dodging
    99 | D        | Reached skill level 15 in Stealth
   101 | D        | Reached XP level 6. HP: 32/32 MP: 4/7
   117 | D        | Found Epiomaj's Book Shop.
   117 | D        | Found Jiyhaam's General Store.
   124 | D        | Bought a book of Misfortune for 312 gold pieces
   127 | D        | Learned a level 2 spell: Slow
   131 | D        | Learned a level 3 spell: Confusing Touch
   151 | D        | Noticed a burning bush
   151 | D        | Noticed a wandering mushroom
   152 | D        | Noticed a wandering mushroom
   155 | D        | Killed a burning bush
   156 | D        | Reached skill level 17 in Stealth
   156 | D        | Reached skill level 1 in Shields
   156 | D        | Killed a wandering mushroom
   157 | D        | Reached skill level 18 in Stealth
   157 | D        | Reached skill level 5 in Evocations
   157 | D        | Reached XP level 7. HP: 37/37 MP: 5/13
   157 | D        | Killed a wandering mushroom
   160 | D        | Reached XP level 8. HP: 42/42 MP: 5/15
   228 | D        | Found Barphah's Jewellery Emporium.
   228 | D        | Found Gauffod's Weapon Shoppe.
   280 | D        | Noticed a queen bee
   287 | D        | Killed a queen bee
   288 | D        | Reached skill level 5 in Short Blades
   288 | D        | Reached skill level 19 in Stealth
   354 | D        | Noticed an oklob plant
   357 | D        | Killed an oklob plant
   358 | D        | Reached skill level 5 in Fighting
   358 | D        | Reached skill level 20 in Stealth
   358 | D        | Reached skill level 5 in Spellcasting
   358 | D        | Reached skill level 5 in Hexes
   438 | D        | Noticed a burning bush
   695 | D        | Bought a +6 ring of dexterity for 643 gold pieces
   860 | D        | Killed a burning bush
   861 | D        | Reached XP level 9. HP: 47/47 MP: 16/18
   904 | D        | Noticed a burning bush
   904 | D        | Noticed an oklob plant
   905 | D        | Noticed a wandering mushroom
   906 | D        | Killed a burning bush
   911 | D        | Killed an oklob plant
   912 | D        | Reached skill level 21 in Stealth
   915 | D        | Killed a wandering mushroom
   999 | D        | Noticed a spriggan druid
  1033 | D        | Killed a spriggan druid
  1034 | D        | Reached skill level 10 in Evocations
  1197 | D        | Noticed an oklob plant conjurer
  1198 | D        | Killed an oklob plant conjurer
  1283 | D        | Noticed an oklob plant
  1283 | D        | Noticed an oklob plant summoner
  1284 | D        | Noticed an oklob plant shifter
  1288 | D        | Killed an oklob plant
  1289 | D        | Reached skill level 22 in Stealth
  1289 | D        | Reached XP level 10. HP: 53/53 MP: 18/21
  1290 | D        | Killed an oklob plant summoner
  1293 | D        | Killed an oklob plant shifter
  1454 | D        | Noticed a spriggan rider
  1455 | D        | Found Wouvaaza's Armour Emporium.
  1468 | D        | Reached skill level 10 in Dodging
  1507 | D        | Mangled by a spriggan rider

Illustrated notes

Levels and vault maps discovered:
D:        dungeon_sprint_fedhas [sprint_temple]

Skill      XL: |  1  2  3  4  5  6  7  8  9 10 |
---------------+-------------------------------+-----
Dodging        | 2 3 4 5 6 7 8 9 10 | 10.0
Stealth        | 8 10 12 13 15 18 20 22 | 22.6
Fighting       | 2 3 4 5 6 |  6.3
Short Blades   | 3 4 5 6 |  6.2
Evocations     | 1 3 5 6 8 10 11 | 11.4
Throwing       | 3 |  3.6
Shields        | 2 3 4 |  4.6
Spellcasting   | 3 4 5 7 |  7.7
Hexes          | 3 4 5 7 |  7.5

Action                   |  1- 3 |  4- 6 |  7- 9 | 10-12 || total
-------------------------+-------+-------+-------+-------++-------
Melee: Dagger            |     4 |     7 |    82 |    10 ||   103
Throw: Dart              |       |       |     4 |     3 ||     7
 Cast: Confusing Touch   |       |       |     1 |     1 ||     2
 Abil: Evoke Invisibilit |       |     3 |     8 |     1 ||    12
  Use: Potion            |       |       |     1 |     1 ||     2
       Scroll            |       |       |     1 |       ||     1
 Stab: Sleeping          |     4 |     7 |    16 |     3 ||    30
       Confused          |       |       |     1 |     1 ||     2
Dodge: Dodged            |       |       |    21 |     9 ||    30
